 Dungeon Crawl Stone Soup version 0.32-a0-12-g7fc57aa741 (webtiles) character file.

Game seed: 595929412630775143

11498 jasper the Thaumaturge (level 11, -1/56 HPs)
             Began as a Spriggan Alchemist on Jan 14, 2024.
             Was a Priest of Kikubaaqudgha.
             Killed from afar by a kobold blastminer (31 damage)
             ... with an iron shot
             ... on level 1 of the Orcish Mines.
             The game lasted 00:31:09 (14346 turns).

jasper the Thaumaturge (Spriggan Alchemist)        Turns: 14346, Time: 00:31:10

Health: -1/56      AC:  6    Str:  4    XL:     11   Next: 50%
Magic:  4/35       EV: 23    Int: 20    God:    Kikubaaqudgha [***...]
Gold:   1823       SH:  5    Dex: 17    Spells: 1/30 levels left

rFire   + . .        E - staff of alchemy
rCold   . . .        (shield currently unavailable)
rNeg    . . .        T - +0 steam dragon scales
rPois   +            (helmet restricted)
rElec   .            L - +0 cloak
rCorr   .            (gloves unavailable)
SInv    +            (boots unavailable)
Will    +....        B - amulet of reflection
Stlth   ++++         e - ring of magical power
HPRegen 0.29/turn    k - ring of protection from fire
MPRegen 0.24/turn

%: reflection
@: very quick
A: very small, no large weapons, unfitting armour, see invisible, speed 3
a: Renounce Religion, Unearth Wretches


You were on level 1 of the Orcish Mines.
You worshipped Kikubaaqudgha.
Kikubaaqudgha was most pleased with you.
You visited 4 branches of the dungeon, and saw 14 of its levels.
You also visited: Sewer.

You collected 1999 gold pieces.
You spent 176 gold pieces at shops.

Inventory:

Hand Weapons
 c - a +0 dagger of flaming
 h - a +0 sling
 j - a +0 sling of freezing
 p - a +2 sling of electrocution
 y - a +0 morningstar of protection
Missiles
 i - 4 curare-tipped darts
 t - a throwing net
 v - 6 boomerangs
Armour
 a - a +1 robe
 L - a +0 cloak (worn)
 S - a +0 buckler
 T - +0 steam dragon scales (worn)
Magical Staves
 E - a staff of alchemy (weapon)
Jewellery
 e - a ring of magical power (left hand)
 k - a ring of protection from fire (right hand)
 A - the amulet "Zirouri" {Reflect -Tele Str+6 SH+5}
   (You found it on level 4 of the Dungeon)

   [amulet of reflection]

   Reflect:   It reflects blocked missile attacks.
   Str+6:     It affects your strength (+6).
   -Tele:     It prevents most forms of teleportation.
   SH+5:      It affects your SH (+5).
 B - an amulet of reflection (around neck)
 F - a +6 ring of strength
 U - a +4 ring of protection
Wands
 o - a wand of roots (9)
 s - a wand of polymorph (12)
 w - a wand of flame (8)
 G - a wand of digging (8)
 H - a wand of paralysis (9)
 N - a wand of quicksilver (13)
Scrolls
 f - 5 scrolls of teleportation
 u - 3 scrolls of vulnerability
 z - 2 scrolls of poison
 D - 2 scrolls of enchant armour
 I - 2 scrolls of revelation
 J - 2 scrolls of amnesia
 M - 2 scrolls of immolation
 O - 2 scrolls of fog
 R - 3 scrolls of enchant weapon
Potions
 b - a potion of magic
 d - 4 potions of haste
 g - 6 potions of curing
 l - 3 potions of brilliance
 m - a potion of invisibility
 n - 3 potions of enlightenment
 q - 2 potions of ambrosia
 r - 5 potions of heal wounds
 x - 5 potions of lignification
 C - a potion of mutation
 P - a potion of resistance
 Q - a potion of attraction


   Skills:
 + Level 5.6 Fighting
 + Level 9.4 Dodging
 - Level 7.0 Stealth
 - Level 10.0 Spellcasting
 - Level 1.0 Conjurations
 - Level 3.0 Hexes
 - Level 3.0 Summonings
 * Level 8.4 Necromancy
 - Level 2.0 Fire Magic
 - Level 1.0 Air Magic
 - Level 7.0 Alchemy
 - Level 5.0 Evocations


You had one spell level left.
You knew the following spells:

 Your Spells              Type           Power      Damage    Failure   Level
a - Martyr's Knell        Necr/Summ      32%        N/A       7%          4
b - Mephitic Cloud        Conj/Alch/Air  33%        N/A       6%          3
c - Olgreb's Toxic Radia  Alch           54%        N/A       3%          4
d - Sticky Flame          Fire/Alch      42%        2d8       11%         4
e - Sublimation of Blood  Necr           43%        N/A       1%          2
f - Fugue of the Fallen   Necr           43%        N/A       1%          3
g - Animate Dead          Necr           43%        N/A       2%          4
h - Anguish               Hex/Necr       16%        N/A       7%          4
i - Apportation           Tloc           20%        N/A       7%          1

Your spell library contained the following spells:

 Spells                   Type           Power      Damage    Failure   Level
 Sting                    Conj/Alch      100%       1d9       1%          1
 Freeze                   Ice            40%        1d6       7%          1
 Cigotuvi's Dreadful Rot  Necr/Alch/Air  94%        N/A       1%          2
 Mercury Vapours          Alch/Air       78%        N/A       1%          2
 Vampiric Draining        Necr           43%        2d9       1%          3
 Jinxbite                 Hex            44%        N/A       3%          2
 Ensorcelled Hibernation  Hex/Ice        32%        N/A       5%          2
 Curse of Agony           Necr           43%        N/A       6%          5
 Summon Ice Beast         Ice/Summ       16%        N/A       11%         3
 Alistair's Intoxication  Alch           36%        N/A       11%         5
 Swiftness                Air            14%        N/A       14%         3
 Hailstorm                Conj/Ice       12%        3d6       17%         3
 Frozen Ramparts          Ice            20%        1d4       21%         3
 Passwall                 Erth           10%        N/A       21%         3
 Summon Blazeheart Golem  Fire/Summ      20%        N/A       24%         4
 Death Channel            Necr           21%        N/A       32%         6
 Summon Mana Viper        Hex/Summ       22%        N/A       50%         5
 Summon Forest            Summ/Tloc      8%         N/A       71%         5
 Summon Cactus Giant      Summ           11%        N/A       97%         6
 Haunt                    Necr/Summ      16%        N/A       99%         7
 Monstrous Menagerie      Summ           11%        N/A       100%        7
 Orb of Destruction       Conj           7%         9d6       100%        7
 Spellforged Servitor     Conj/Summ      9%         N/A       100%        7
 Borgnjor's Revivificati  Necr           21%        N/A       100%        8
 Death's Door             Necr           21%        N/A       100%        9


Dungeon Overview and Level Annotations

Branches:
Dungeon (11/15)            Temple (1/1) D:4            Lair (1/5) D:9
    Orc (1/2) D:10          Sewer (visited)

Altars:
Ashenzari
Cheibriados
Dithmenos
Elyvilon
Fedhas
Gozag
Hepliaklqana
Kikubaaqudgha
Makhleb
Nemelex Xobeh
Okawaru
Qazlal
Ru
Sif Muna
Trog
Uskayaw
Vehumet
Wu Jian
Xom
Yredelemnul
Zin
The Shining One

Shops:
D:3 *   D:4 =   D:9 *   D:10 [(

Annotations:
D:7 1 transporter, GrumpyGrim72's ghost, novice DECj


Innate Abilities, Weirdness & Mutations

You are very small and have problems with some larger weapons.
You are too small for most types of armour.
You have supernaturally acute eyesight. (SInv)
You cover ground extremely quickly. (Speed+++)


Message History

The kobold blastminer blasts its cannon at you.
The iron shot misses you.
The kobold blastminer is knocked back by the blast.
The orc wizard points at you and mumbles some strange words.
The puff of flame hits you. You resist.
You take 4 damage, and have 38/56 hp.
Casting: Olgreb's Toxic Radiance (dangerous; 3% risk of failure)
Confirm with . or Enter, or press ? or * to list all spells.
You feel a surge of power!
You begin to radiate toxic energy.
The kobold blastminer looks even sicker.
The orc is poisoned.
The kobold blastminer looks as sick as possible!
You kill the orc!
Kikubaaqudgha accepts your kill.
The orc wizard looks even sicker.
The kobold blastminer wields a +0 arbalest.
The kobold blastminer shoots a bolt.
The bolt hits you!
The orc wizard gestures wildly while chanting.
The orc wizard flickers and vanishes for a moment.
The kobold blastminer completely misses you.
You take 9 damage, and have 29/56 hp.
You now have 3/35 mp.
You hit the orc wizard but do no damage.
The orc wizard is almost dead.
The kobold blastminer looks even sicker.
The kobold blastminer looks as sick as possible!
Your toxic aura wanes.
You kill the orc wizard!
Kikubaaqudgha accepts your kill. The kobold blastminer misses you.
The kobold blastminer unwields a +0 arbalest.
You block the kobold blastminer's attack.
Things that are here:
a +2 dagger of draining; a +0 robe You miss the kobold blastminer.
The kobold blastminer is severely wounded.
The kobold blastminer blasts its cannon at you.
The iron shot hits you!!
Ouch! That really hurt!
You die...
Kikubaaqudgha rasps: "You have failed me!
Welcome... death!"

#.........$# ##.........# ####
#.........# ##.#.###........#
#......#.......##
#........)..##
#####..##.#.....##### ###
##.##<#....#..#.)....##.##..##
#..............K@K...#.......#
##.##.#.#.#..................#
# ##.##.##..........)....$#
#...............>....#.##
##.##.##.#..†.........#
######.#.....#.......###
#.........#..#.....##
##.#..........).....#
####..#.....#.)...##


You could see 2 kobold blastminers.

Vanquished Creatures
  A catoblepas (Lair:1)
  3 two-headed ogres
  Psyche (D:8)
  A troll (D:11)
  4 blink frogs (Lair:1)
  A wraith (D:10)
  2 yaks (D:9)
  2 wyverns
  Grum (D:9)
  3 steam dragons
  A water moccasin (D:7)
  Pargi (Sewer)
  5 orc warriors
  4 black bears
  2 ice beasts
  An ogre (D:5)
  3 wolves (D:9)
  A centaur (D:11)
  A brain worm (Sewer)
  A gnoll sergeant (D:6)
  A kobold brigand (D:10)
  7 bullfrogs
  4 scorpions
  15 killer bees
  5 bombardier beetles
  A howler monkey (D:7)
  6 hounds
  5 orc priests
  Crazy Yiuf (D:5)
  Natasha (thrice) (D:2)
  8 iguanas
  13 orc wizards
  12 gnolls
  9 adders
  3 shadow imps
  5 white imps
  An ufetubus (D:7)
  2 ribbon worms (D:3)
  4 dart slugs
  33 orcs
  9 endoplasms
  8 giant cockroaches
  8 goblins
  5 hobgoblins
  8 jackals
  13 kobolds
  10 quokkas
  15 ball pythons
  6 bats
  7 frilled lizards
  An orc zombie (D:10)
  2 rats (D:3)
269 creatures vanquished.

Vanquished Creatures (collateral kills)
  A cane toad (Lair:1)
  A wyvern (Lair:1)
  A steam dragon (D:9)
  A black bear (D:9)
  2 bullfrogs
6 creatures vanquished.

Vanquished Creatures (others)
  A death yak (Lair:1)
  A cane toad (Lair:1)
  A wraith (D:10)
  A warg (Orc:1)
  2 cane toad zombies (Lair:1)
  An acid dragon (D:11)
  A water moccasin (Lair:1)
  A centaur (D:9)
  2 bullfrog zombies (Lair:1)
  A hound zombie (D:11)
  6 orc zombies
18 creatures vanquished.

Grand Total: 293 creatures vanquished

Notes
Turn   | Place    | Note
-------+----------+-------------------------------------------
     0 | D:1      | jasper the Spriggan Alchemist began the quest for the Orb.
     0 | D:1      | Reached XP level 1. HP: 9/9 MP: 5/5
   119 | D:1      | Reached skill level 3 in Spellcasting
   129 | D:1      | Reached XP level 2. HP: 13/13 MP: 5/7
   282 | D:1      | Found a faded altar of an unknown god.
   927 | D:1      | Reached XP level 3. HP: 16/16 MP: 9/9
   931 | D:1      | Learned a level 3 spell: Mephitic Cloud
  1268 | D:2      | Identified the +1 chain mail "Bomung" {Rampage rElec}
  1560 | D:2      | Reached skill level 4 in Spellcasting
  1616 | D:2      | Noticed Natasha
  1619 | D:2      | Reached skill level 5 in Stealth
  1623 | D:2      | Killed Natasha
  1624 | D:2      | Reached XP level 4. HP: 14/21 MP: 11/11
  1629 | D:2      | Learned a level 4 spell: Olgreb's Toxic Radiance
  1704 | D:2      | Noticed Natasha
  1722 | D:2      | Killed Natasha
  1964 | D:2      | Noticed Natasha
  2019 | D:2      | Killed Natasha
  2329 | D:3      | Found a basalt altar of Yredelemnul.
  2351 | D:3      | Reached XP level 5. HP: 24/24 MP: 12/12
  2359 | D:3      | Learned a level 4 spell: Sticky Flame
  2647 | D:3      | Found a glowing drain.
  2664 | Sewer    | Entered a sewer
  2743 | Sewer    | Noticed Pargi
  2783 | Sewer    | Killed Pargi
  2784 | Sewer    | Reached skill level 5 in Alchemy
  2784 | Sewer    | Reached XP level 6. HP: 15/28 MP: 13/13
  3320 | D:3      | Found Loprot's Assorted Antiques.
  3365 | D:3      | Found a hide-covered altar of Uskayaw.
  3760 | D:3      | Identified the +0 robe of Meprop {rF- Regen+ Str+3 SInv}
  4155 | D:3      | Bought a scroll of teleportation for 66 gold pieces
  4155 | D:3      | Bought a scroll labelled NEFUNERODGHO for 22 gold pieces
  4198 | D:4      | Found a staircase to the Ecumenical Temple.
  4208 | Temple   | Entered the Ecumenical Temple
  4215 | Temple   | Became a worshipper of Kikubaaqudgha
  4239 | D:4      | Reached XP level 7. HP: 32/32 MP: 14/14
  4721 | D:4      | Found Laafopha's Jewellery Shop.
  4765 | D:4      | Reached skill level 1 in Conjurations
  4955 | D:4      | Identified the amulet "Zirouri" {Reflect -Tele Str+6 SH+5}
  4984 | D:4      | Reached skill level 1 in Fire Magic
  4984 | D:4      | Reached skill level 1 in Air Magic
  5733 | D:5      | Entered Level 5 of the Dungeon
  5846 | D:5      | Reached skill level 1 in Fighting
  5855 | D:5      | Reached * piety under Kikubaaqudgha
  5855 | D:5      | Received a gift from Kikubaaqudgha
  5856 | D:5      | Reached skill level 1 in Evocations
  6032 | D:5      | Found a runed translucent door.
  6033 | D:5      | Noticed Crazy Yiuf
  6101 | D:5      | Reached skill level 5 in Spellcasting
  6104 | D:5      | Learned a level 2 spell: Sublimation of Blood
  6132 | D:5      | Reached XP level 8. HP: 37/37 MP: 16/16
  6354 | D:5      | You fall into a shaft and drop 2 floors!
  6354 | D:7      | Found a transporter.
  6419 | D:7      | Identified a scroll of acquirement
  6419 | D:7      | Acquired 1025 gold pieces
  6504 | D:7      | Reached skill level 5 in Evocations
  6511 | D:7      | Reached skill level 6 in Spellcasting
  6516 | D:7      | Learned a level 3 spell: Fugue of the Fallen
  6725 | D:7      | Reached skill level 7 in Spellcasting
  6730 | D:7      | Learned a level 4 spell: Animate Dead
  7001 | D:7      | Noticed a two-headed ogre
  7008 | D:7      | Found a transporter.
  7030 | D:7      | Killed a two-headed ogre
  7031 | D:7      | Reached skill level 9 in Spellcasting
  7031 | D:7      | Reached XP level 9. HP: 41/41 MP: 18/23
  7036 | D:7      | Learned a level 4 spell: Anguish
  7124 | D:7      | Reached skill level 10 in Spellcasting
  7124 | D:7      | Reached skill level 1 in Necromancy
  7315 | D:7      | Noticed GrumpyGrim72's ghost (novice DECj)
  7854 | D:6      | Reached skill level 5 in Dodging
  8043 | D:6      | Reached ** piety under Kikubaaqudgha
  8519 | D:6      | Found a snail-covered altar of Cheibriados.
  9485 | D:5      | Killed Crazy Yiuf
  9792 | D:8      | Noticed Psyche
  9805 | D:8      | Killed Psyche
  9806 | D:8      | Reached XP level 10. HP: 49/49 MP: 19/25
 10136 | D:8      | Found a burning altar of Makhleb.
 10141 | D:8      | Reached skill level 5 in Necromancy
 10927 | D:9      | Found a glowing silver altar of Zin.
 11209 | D:9      | Noticed a two-headed ogre
 11226 | D:9      | Killed a two-headed ogre
 11332 | D:9      | Reached *** piety under Kikubaaqudgha
 11332 | D:9      | Received a gift from Kikubaaqudgha
 11333 | D:9      | Reached skill level 1 in Hexes
 11337 | D:9      | Learned a level 1 spell: Apportation
 11343 | D:9      | Learned a level 4 spell: Martyr's Knell
 11644 | D:9      | Reached skill level 1 in Summonings
 11894 | D:9      | Found Kyaqehon's Demolitions Depot.
 11905 | D:9      | Bought 2 scrolls of immolation for 88 gold pieces
 11928 | D:9      | Noticed Grum
 11946 | D:9      | Killed Grum
 12077 | D:9      | Found a staircase to the Lair.
 12106 | D:9      | Found a hazy altar of Hepliaklqana.
 12277 | D:9      | Found a bloodstained altar of Trog.
 12310 | D:10     | Entered Level 10 of the Dungeon
 12728 | D:10     | Found Plog's Armour Shoppe.
 12729 | D:10     | Found a staircase to the Orcish Mines.
 12732 | D:10     | Found Plog's Weapon Shoppe.
 12976 | D:10     | Found a sparkling altar of Nemelex Xobeh.
 13140 | D:10     | Noticed a two-headed ogre
 13164 | D:10     | Killed a two-headed ogre
 13165 | D:10     | Reached XP level 11. HP: 41/54 MP: 8/26
 13632 | Lair:1   | Entered Level 1 of the Lair of Beasts
 13644 | Lair:1   | Reached skill level 5 in Fighting
 13873 | Lair:1   | Noticed a death yak
 13873 | Lair:1   | Noticed a death yak
 13874 | Lair:1   | Noticed a death yak
 13875 | Lair:1   | Noticed a death yak
 13879 | Lair:1   | Noticed a catoblepas
 13880 | Lair:1   | Noticed a death yak
 13919 | Lair:1   | Killed a death yak
 14016 | Lair:1   | Killed a catoblepas
 14211 | Orc:1    | Entered Level 1 of the Orcish Mines
 14346 | Orc:1    | Killed from afar by a kobold blastminer

Illustrated notes

Levels and vault maps discovered:
D:1:      dpeg_arrival_long_road, layout_loops_ring,
          ebering_ecumenical_altar_rust, minmay_misc_feat_plants
D:2:      layout_basic, hangedman_decor_points, st_stairs_12,
          serial_bayou_lagoon_a, uniq_natasha
D:3:      minmay_octagon_keep, layout_basic,
          mainiacjoe_overflow_small_starburst, mainiacjoe_overflow_paths,
          portal_sewer_entry_f, serial_shops, nicolae_shop_hallway_plus
D:4:      layout_layer_cave, minmay_temple_entry_drinking_statues, serial_shops,
          shop, minmay_joined_circles
D:5:      layout_loops_corners, chequers_serial_rivers_small_b,
          uniq_crazy_yiuf_cottage
D:6:      layout_loops_ring, mainiacjoe_overflow_chevrons,
          nicolae_fountain_basement
D:7:      layout_gridville, gammafunk_ghost_stat_death, grunt_ministairs_15,
          kennysheep_generic_room_10
D:8:      layout_loops_corners, bloody_makhleb, minmay_misc_feat_ornament,
          uniq_psyche
D:9:      layout_stronghold, kennysheep_mini, kennysheep_mini_moat,
          mainiacjoe_overflow_concentric_impassable,
          grunt_lair_entry_orc_guard_hut, nicolae_blasting_shop, uniq_grum
D:10:     layout_gridville, mainiacjoe_overflow_alcove_1, orc_david_3
D:11:     layout_loops_cross, nrook_guardian_serpent_ordinary
Temple:   nicolae_temple_ecumenical_triangle
Lair:1:   layout_regular_city, basic_altar, lightli_volcano_entry_magma_tube,
          grunt_forest_small_clearing_treed, lemuel_fruit_fields,
          infiniplex_staircase_pool_2
Orc:1:    layout_caves

Skill      XL: |  1  2  3  4  5  6  7  8  9 10 11 |
---------------+----------------------------------+-----
Spellcasting   | 3 4 5 9 10 | 10.0
Stealth        | 4 5 6 7 |  7.0
Alchemy        | 5 6 7 |  7.0
Conjurations   | 1 |  1.0
Fire Magic     | 2 |  2.0
Air Magic      | 1 |  1.0
Dodging        | 3 6 8 9 |  9.4
Fighting       | 1 3 4 5 |  5.6
Evocations     | 2 5 |  5.0
Necromancy     | 4 7 8 |  8.4
Hexes          | 3 |  3.0
Summonings     | 3 |  3.0

Action                     |  1- 3 |  4- 6 |  7- 9 | 10-12 || total
---------------------------+-------+-------+-------+-------++-------
  Melee: Dagger            |     9 |     4 |    26 |       ||    39
         Staff             |       |       |    22 |    66 ||    88
         Morningstar       |       |       |       |    11 ||    11
   Cast: Sting             |    83 |   115 |    28 |     1 ||   227
         Olgreb's Toxic Ra |       |     6 |    63 |    63 ||   132
         Mephitic Cloud    |       |     2 |     8 |     6 ||    16
         Sticky Flame      |       |       |    10 |     5 ||    15
         Animate Dead      |       |       |     2 |     9 ||    11
         Fugue of the Fall |       |       |     1 |     1 ||     2
         Anguish           |       |       |       |    15 ||    15
         Martyr's Knell    |       |       |       |     5 ||     5
 Invoke: Unearth Wretches  |       |       |       |     1 ||     1
  Evoke: Wand              |       |       |     1 |     4 ||     5
    Use: Scroll            |       |     9 |    13 |     6 ||    28
         Potion            |       |       |       |     1 ||     1
   Stab: Sleeping          |       |     3 |     1 |       ||     4
         Confused          |       |       |       |     2 ||     2
 Armour: Robe              |    13 |    21 |    27 |    12 ||    73
         Steam dragon scal |       |       |       |    53 ||    53
  Dodge: Dodged            |    30 |    33 |    57 |   123 ||   243
  Block: Other             |       |       |     1 |    34 ||    35
         Reflection        |       |       |       |     1 ||     1

Table legend: (Time is in decaauts)
 A = Elapsed time spent in this place.
 B = Non-inter-level travel time spent in this place.
 C = Inter-level travel time spent in this place.
 D = Time resting spent in this place.
 E = Time spent auto-exploring this place.
 F = Levels seen in this place.
 G = Mean time per level.
                   A        B        C        D        E       F      G
               +--------+--------+--------+--------+--------+-----+--------+
         Total |  10925 |  10398 |    527 |    688 |   7800 |  15 |  728.3 |
       Dungeon |  10146 |   9635 |    511 |    640 |   7387 |  11 |  922.4 |
        Temple |     12 |      9 |      3 |      0 |      0 |   1 |   12.0 |
          Lair |    339 |    328 |     11 |     35 |    157 |   1 |  339.0 |
  Orcish Mines |    107 |    107 |      0 |      4 |     51 |   1 |  107.0 |
         Sewer |    319 |    319 |      0 |      9 |    204 |   1 |  319.0 |
               +--------+--------+--------+--------+--------+-----+--------+

Top non-repeatable levels by time:
     D:7: 1225 daAuts
     D:3: 1182 daAuts
     D:5: 1146 daAuts
     D:4: 1139 daAuts
     D:9: 1121 daAuts
    D:10: 983 daAuts
     D:1: 931 daAuts
     D:2: 835 daAuts
     D:8: 763 daAuts
     D:6: 737 daAuts
  Lair:1: 339 daAuts
   Sewer: 319 daAuts
   Orc:1: 107 daAuts
    D:11: 81 daAuts
  Temple: 12 daAuts
